[Event "ICC tourney 3197 (30 10)"]
[Site "Internet Chess Club"]
[Date "2023.05.20"]
[Round "1"]
[White "HELMSEN, GAVIN:ghelmsen"]
[Black "ZHANG, ARI:brass60Six"]
[Result "1-0"]
[ICCResult "Black checkmated"]
[WhiteElo "1618"]
[BlackElo "1299"]
[Opening "Caro-Kann: Tartakower (fantasy) variation"]
[ECO "B12"]
[NIC "CK.02"]
[Time "12:00:58"]
[PlyCount "37"]
[TimeControl "1800+10"]

1. e4 c6 2. d4 d5 3. f3 dxe4 4. fxe4 e5 5. Nf3 exd4 6. Bc4 Bg4 7. Bxf7+ Ke7
8. Bxg8 Rxg8 9. Bg5+ Ke8 10. Bxd8 Kxd8 11. Qxd4+ Ke8 12. O-O b6 13. Qe5+ Be7
14. Qc7 Bc5+ 15. Kh1 Nd7 16. Qxc6 Rb8 17. Ne5 Be6 18. Qxe6+ Be7 19. Qxd7#
{Black checkmated}
1-0

[Event "ICC tourney 3197 (30 10)"]
[Site "Internet Chess Club"]
[Date "2023.05.20"]
[Round "1"]
[White "Whiteside, Oren:NotOwen"]
[Black "ZHANG, LOUIS:louis3400"]
[Result "1-0"]
[ICCResult "Black resigns"]
[WhiteElo "1313"]
[BlackElo "1622"]
[Opening "Scotch game"]
[ECO "C45"]
[NIC "SO.04"]
[Time "12:00:05"]
[PlyCount "47"]
[TimeControl "1800+10"]

1. e4 e5 2. Nf3 Nc6 3. d4 exd4 4. Nxd4 Qf6 5. Be3 Bc5 6. c3 Nge7 7. Be2 O-O
8. O-O d5 9. Nxc6 Bxe3 10. Nxe7+ Qxe7 11. fxe3 Qxe4 12. Qd3 Qe5 13. Nd2 Re8
14. Bf3 Bf5 15. Qd4 Qxe3+ 16. Qxe3 Rxe3 17. Bxd5 Be6 18. Bxe6 Rxe6 19. Rfe1
Rc6 20. Re7 Kf8 21. Rae1 Rd8 22. Nf3 g6 23. Ng5 Rd5 24. Rxf7+ {Black
resigns} 1-0

[Event "ICC tourney 3197 (30 10)"]
[Site "Internet Chess Club"]
[Date "2023.05.20"]
[Round "1"]
[White "Zhuge, Alexandra:MonkeyTree"]
[Black "YU, VINCENT ZHIWEN:vincentyu"]
[Result "0-1"]
[ICCResult "White checkmated"]
[WhiteElo "929"]
[BlackElo "1570"]
[Opening "Sicilian: Najdorf, Lipnitzky attack"]
[ECO "B86"]
[NIC "SI.13"]
[Time "12:00:21"]
[PlyCount "86"]
[TimeControl "1800+10"]

1. e4 c5 2. Nf3 d6 3. d4 cxd4 4. Nxd4 Nf6 5. Nc3 a6 6. Bc4 e6 7. O-O Be7 8.
Be3 O-O 9. f4 b5 10. Bd3 Bb7 11. e5 dxe5 12. fxe5 Nd5 13. Qh5 g6 14. Qf3
Nxe3 15. Qxb7 Qxd4 16. Rf2 Ng4 17. Rf1 Nxf2 18. Rxf2 Bc5 19. Nd1 Ra7 20. Qf3
Qxe5 21. c3 Qe1+ 22. Bf1 Rd7 23. Qe2 Rxd1 24. Qxe1 Rxe1 25. b4 Bxf2+ 26.
Kxf2 Rxf1+ 27. Kxf1 Rc8 28. Ke2 Rxc3 29. Kd2 Ra3 30. g4 Rxa2+ 31. Kc3 Rxh2
32. g5 h6 33. gxh6 g5 34. Kd4 Rf2 35. Ke3 Rf5 36. Ke2 g4 37. Kd3 g3 38. Ke4
g2 39. Kd4 g1=Q+ 40. Ke4 Qg4+ 41. Kd3 Rf3+ 42. Kc2 Qg2+ 43. Kd1 Rf1#
{White checkmated}
0-1

[Event "ICC tourney 3197 (30 10)"]
[Site "Internet Chess Club"]
[Date "2023.05.20"]
[Round "1"]
[White "SRIPADA, ANISHA:waterycargo"]
[Black "Bolme, Thomas Bradley:ThomasBradley75"]
[Result "1-0"]
[ICCResult "Black resigns"]
[WhiteElo "1406"]
[BlackElo "567"]
[Opening "Modern defense"]
[ECO "A40"]
[NIC "QO.17"]
[Time "12:00:05"]
[PlyCount "61"]
[TimeControl "1800+10"]

1. d4 g6 2. Bf4 d6 3. e3 Nf6 4. Nf3 Bg7 5. c4 O-O 6. Nc3 Bf5 7. Be2 Nbd7 8.
O-O b6 9. Qd2 c5 10. d5 a6 11. h3 b5 12. cxb5 axb5 13. Bxb5 Nb6 14. Bc6 Ra6
15. Qe2 c4 16. e4 Bd7 17. Bxd7 Qxd7 18. Nd2 e6 19. Nxc4 exd5 20. Nxb6 Rxb6
21. exd5 Re8 22. Qc2 Ne4 23. Rfe1 Nxc3 24. bxc3 Be5 25. Bxe5 dxe5 26. c4 Rf6
27. a4 e4 28. Rxe4 Qf5 29. Rxe8+ Kg7 30. Qxf5 Rxf5 31. d6 {Black resigns}
1-0

[Event "ICC tourney 3197 (30 10)"]
[Site "Internet Chess Club"]
[Date "2023.05.20"]
[Round "1"]
[White "Dong, Albert:Tanvibrantmonk"]
[Black "Li, Marissa:meichen"]
[Result "1-0"]
[ICCResult "Black resigns"]
[WhiteElo "1503"]
[BlackElo "904"]
[Opening "Scotch game"]
[ECO "C45"]
[NIC "SO.04"]
[Time "12:00:58"]
[PlyCount "49"]
[TimeControl "1800+10"]

1. e4 e5 2. Nf3 Nc6 3. d4 exd4 4. Nxd4 d6 5. Nc3 Nf6 6. Bb5 Bd7 7. Bxc6 Bxc6
8. O-O Be7 9. Qf3 O-O 10. Nxc6 bxc6 11. e5 dxe5 12. Qxc6 Qd6 13. Qf3 Rfd8
14. Rd1 Qe6 15. Be3 e4 16. Qg3 Bd6 17. Qg5 Rd7 18. Bd4 h6 19. Qh4 Rad8 20.
Bxf6 Qxf6 21. Qxe4 Bc5 22. Rxd7 Qxf2+ 23. Kh1 Rf8 24. Rxc7 Rd8 25. Qf3
{Black resigns}
1-0

[Event "ICC tourney 3197 (30 10)"]
[Site "Internet Chess Club"]
[Date "2023.05.20"]
[Round "1"]
[White "Reyes, Héctor Juárez:Juarezhector"]
[Black "GOODMAN, CONNOR ALAN:ConnorGo"]
[Result "1-0"]
[ICCResult "Black resigns"]
[WhiteElo "1637"]
[BlackElo "1320"]
[Opening "Robatsch (modern) defense"]
[ECO "B06"]
[NIC "KF.05"]
[Time "12:11:11"]
[PlyCount "53"]
[TimeControl "1800+10"]

1. e4 g6 2. d4 Bg7 3. Nf3 e6 4. Nc3 c6 5. Bd3 h6 6. O-O Ne7 7. Be3 d5 8. e5
b5 9. a3 a5 10. h3 Ba6 11. b4 a4 12. Re1 Nd7 13. Nh2 Qc7 14. Bd2 O-O-O 15.
Nxa4 h5 16. Nc5 Nxc5 17. bxc5 Bh6 18. a4 Bxd2 19. Qxd2 Nf5 20. axb5 Bb7 21.
b6 Qe7 22. Ba6 Rd7 23. Bxb7+ Rxb7 24. Ra8+ Rb8 25. Rea1 Qh4 26. Qa5 Qe4 27.
Rxb8+ {Black resigns} 1-0

[Event "ICC tourney 3197 (30 10)"]
[Site "Internet Chess Club"]
[Date "2023.05.20"]
[Round "1"]
[White "Chiappetta, Graydon:loopy"]
[Black "Hamlett, James Morrison:Hamlett144"]
[Result "0-1"]
[ICCResult "White checkmated"]
[WhiteElo "902"]
[BlackElo "1414"]
[Opening "Owen defense"]
[ECO "B00"]
[NIC "VO.01"]
[Time "12:01:18"]
[PlyCount "90"]
[TimeControl "1800+10"]

1. e4 b6 2. Nf3 Bb7 3. Nc3 e6 4. Be2 Bb4 5. d3 Nf6 6. O-O O-O 7. a3 Be7 8.
b4 Ne8 9. Bd2 d6 10. Rb1 Nd7 11. d4 g5 12. Qc1 g4 13. Ng5 h6 14. Nxf7 Rxf7
15. Bxg4 Nf8 16. Bxh6 Ng7 17. Bxg7 Rxg7 18. Bh3 Qe8 19. a4 Qg6 20. Qe3 e5
21. Nd5 Bxd5 22. exd5 exd4 23. Qxd4 Bf6 24. Qc4 Nh7 25. g3 Kh8 26. Qc6 Rf8
27. Bg2 Ng5 28. Qc4 Rh7 29. Rbe1 Qh6 30. h4 Rg8 31. f4 Nh3+ 32. Kh2 Bxh4 33.
Re3 Nxf4 34. Rxf4 Bxg3+ 35. Kg1 Bxf4 36. Rf3 Qh2+ 37. Kf1 Qxg2+ 38. Ke1 Rh1+
39. Rf1 Bg3+ 40. Kd1 Rxf1+ 41. Qxf1 Qxf1+ 42. Kd2 Bf4+ 43. Kc3 Rg3+ 44. Kb2
Be5+ 45. Ka2 Qa1# {White checkmated} 0-1

[Event "ICC tourney 3197 (30 10)"]
[Site "Internet Chess Club"]
[Date "2023.05.20"]
[Round "1"]
[White "HAO, RYAN:Ryan334"]
[Black "SANGAL LOPEZ, DEV:devsl"]
[Result "1-0"]
[ICCResult "Black checkmated"]
[WhiteElo "1571"]
[BlackElo "1146"]
[Opening "Four knights: Spanish, classical defense"]
[ECO "C48"]
[NIC "KP.03"]
[Time "12:00:06"]
[PlyCount "99"]
[TimeControl "1800+10"]

1. e4 e5 2. Nf3 Nc6 3. Nc3 Nf6 4. Bb5 Bc5 5. Nxe5 Nxe5 6. d4 Bd6 7. dxe5
Bxe5 8. Bg5 h6 9. Bh4 c6 10. Bd3 d6 11. O-O g5 12. Bg3 Bxg3 13. fxg3 Bg4 14.
Qd2 Qe7 15. Bc4 Be6 16. Bxe6 fxe6 17. Rad1 d5 18. exd5 Qc5+ 19. Kh1 Nxd5 20.
Rde1 O-O-O 21. Ne4 Qb6 22. Qc1 Rhf8 23. Rxf8 Rxf8 24. c4 Ne3 25. c5 Qa6 26.
Nd6+ Kc7 27. Qxe3 b6 28. cxb6+ axb6 29. Ne4 Qxa2 30. Qc3 Rf7 31. Qe5+ Kd7
32. Qd6+ Ke8 33. Qxc6+ Kf8 34. Qxb6 Qa4 35. Qxe6 Qa5 36. Qxh6+ Ke7 37. Qxg5+
Qxg5 38. Nxg5+ Kf6 39. Nxf7 Kf5 40. Rf1+ Kg4 41. Ne5+ Kg5 42. h4+ Kh5 43.
Rf5+ Kh6 44. Rg5 Kh7 45. b4 Kh6 46. b5 Kh7 47. b6 Kh8 48. b7 Kh7 49. b8=Q
Kh6 50. Qh8# {Black checkmated} 1-0

[Event "ICC tourney 3197 (30 10)"]
[Site "Internet Chess Club"]
[Date "2023.05.20"]
[Round "1"]
[White "KAYASTHA, AYAAN:sumitkayastha"]
[Black "Morgan, Lakshmi M:luckylol3"]
[Result "0-1"]
[ICCResult "White checkmated"]
[WhiteElo "1390"]
[BlackElo "1677"]
[Opening "Giuoco Pianissimo: Italian four knights variation"]
[ECO "C55"]
[NIC "IG.01"]
[Time "12:18:31"]
[PlyCount "68"]
[TimeControl "1800+10"]

1. e4 e5 2. Nf3 Nc6 3. Bc4 Nf6 4. d3 Bc5 5. Nc3 d6 6. Be3 Bb6 7. Qd2 O-O 8.
Bg5 Be6 9. Bxe6 fxe6 10. O-O-O a5 11. a4 Qd7 12. h4 Ng4 13. Rdf1 Nd4 14. Rh3
Bc5 15. Rg3 h5 16. Nxd4 exd4 17. Na2 Qxa4 18. Kb1 b5 19. f3 b4 20. Nc1 Qb5
21. Re1 Ne3 22. Bh6 Rf7 23. f4 a4 24. f5 exf5 25. exf5 b3 26. c4 Qb7 27. f6
Bb4 28. Qe2 Bxe1 29. Rxg7+ Rxg7 30. Bxg7 Qxg2 31. Qxe1 Qc2+ 32. Ka1 a3 33.
f7+ Kxf7 34. Nxb3 Qxb2# {White checkmated} 0-1

[Event "ICC tourney 3197 (30 10)"]
[Site "Internet Chess Club"]
[Date "2023.05.20"]
[Round "2"]
[White "ZHANG, LOUIS:louis3400"]
[Black "MA, YUNHUI:niuniuma"]
[Result "1-0"]
[ICCResult "Black resigns"]
[WhiteElo "1622"]
[BlackElo "1243"]
[Opening "Giuoco Pianissimo"]
[ECO "C50"]
[NIC "IG.02"]
[Time "14:00:23"]
[PlyCount "51"]
[TimeControl "1800+10"]

1. e4 e5 2. Nf3 Nc6 3. Bc4 Bc5 4. d3 h6 5. Nc3 Nf6 6. O-O d6 7. h3 Be6 8.
Bb3 O-O 9. Be3 Bb6 10. d4 exd4 11. Nxd4 Nxd4 12. Bxd4 Bxd4 13. Qxd4 c5 14.
Qd3 Rc8 15. Bxe6 fxe6 16. Rad1 Rc6 17. e5 c4 18. Qd4 Nd5 19. Nxd5 exd5 20.
Qxd5+ Kh8 21. exd6 Rf6 22. d7 Rfd6 23. Qxd6 Rxd6 24. Rxd6 Kh7 25. Rfd1 a6
26. Re6 {Black resigns} 1-0

[Event "ICC tourney 3197 (30 10)"]
[Site "Internet Chess Club"]
[Date "2023.05.20"]
[Round "2"]
[White "SANGAL LOPEZ, DEV:devsl"]
[Black "KAYASTHA, AYAAN:sumitkayastha"]
[Result "1-0"]
[ICCResult "Black checkmated"]
[WhiteElo "1146"]
[BlackElo "1390"]
[Opening "Four knights: Italian variation"]
[ECO "C47"]
[NIC "KP.06"]
[Time "14:00:25"]
[PlyCount "53"]
[TimeControl "1800+10"]

1. e4 e5 2. Nf3 Nc6 3. Nc3 Nf6 4. Bc4 Nxe4 5. Nxe4 d5 6. Bd3 dxe4 7. Bxe4
Bc5 8. O-O O-O 9. d3 Ne7 10. Nxe5 f5 11. Bf3 Nd5 12. d4 Bd6 13. c4 Nf6 14.
Bg5 h6 15. Bxf6 Qxf6 16. Bd5+ Kh8 17. f4 c6 18. Bf3 c5 19. Re1 Rb8 20. Bd5
b6 21. Qh5 Kh7 22. g3 cxd4 23. Nf7 g6 24. Qxh6+ Kg8 25. Ng5+ Rf7 26. Re8+
Bf8 27. Qh7# {Black checkmated} 1-0

[Event "ICC tourney 3197 (30 10)"]
[Site "Internet Chess Club"]
[Date "2023.05.20"]
[Round "2"]
[White "GOODMAN, CONNOR ALAN:ConnorGo"]
[Black "Li, Marissa:meichen"]
[Result "1-0"]
[ICCResult "Black checkmated"]
[WhiteElo "1320"]
[BlackElo "904"]
[Opening "Vienna gambit"]
[ECO "C29"]
[NIC "VG.04"]
[Time "14:00:25"]
[PlyCount "37"]
[TimeControl "1800+10"]

1. e4 e5 2. Nc3 Nf6 3. f4 d6 4. Nf3 Nc6 5. d4 exd4 6. Nxd4 Qe7 7. Nxc6 bxc6
8. Bd3 Bb7 9. O-O c5 10. e5 dxe5 11. fxe5 Nd5 12. Bb5+ Kd8 13. Nxd5 Bxd5 14.
Qxd5+ Qd6 15. Qxa8+ Ke7 16. exd6+ Kxd6 17. Qc6+ Ke5 18. Bf4+ Kd4 19. Rad1#
{Black checkmated}
1-0

[Event "ICC tourney 3197 (30 10)"]
[Site "Internet Chess Club"]
[Date "2023.05.20"]
[Round "2"]
[White "ZHANG, ARI:brass60Six"]
[Black "Chiappetta, Graydon:loopy"]
[Result "1-0"]
[ICCResult "Black checkmated"]
[WhiteElo "1299"]
[BlackElo "902"]
[Opening "Queen's pawn"]
[ECO "A40"]
[NIC "QO.17"]
[Time "14:00:38"]
[PlyCount "95"]
[TimeControl "1800+10"]

1. d4 e6 2. c4 d6 3. Nc3 Be7 4. Nf3 Nf6 5. e4 O-O 6. Bd3 a6 7. O-O b6 8. Re1
Bb7 9. Bf4 a5 10. h3 Nh5 11. Bh2 g6 12. Be2 Ng7 13. Qc2 Nd7 14. Rad1 Nf6 15.
e5 Nd7 16. Rd2 Bg5 17. Rdd1 Rb8 18. exd6 cxd6 19. Bxd6 Be7 20. Bxb8 Qxb8 21.
Ne4 f5 22. Nc3 Nf6 23. d5 exd5 24. cxd5 Bb4 25. Qb3 Kh8 26. a3 Bc5 27. Na4
Ne4 28. Nxc5 Nxc5 29. Qxb6 Nd7 30. Qxa5 Rf6 31. Qc3 Nh5 32. Ng5 Kg7 33. Bxh5
gxh5 34. Ne6+ Kf7 35. Nc5 Bc8 36. Nxd7 Bxd7 37. Qe5 Qd8 38. d6 Be6 39. Qc5
Rg6 40. Qc7+ Qxc7 41. dxc7 Bd5 42. Rxd5 Rc6 43. Rd7+ Kg6 44. Re8 Kg5 45.
c8=Q Rxc8 46. Rxc8 f4 47. Rd6 h4 48. Rc5# {Black checkmated} 1-0

[Event "ICC tourney 3197 (30 10)"]
[Site "Internet Chess Club"]
[Date "2023.05.20"]
[Round "2"]
[White "Morgan, Lakshmi M:luckylol3"]
[Black "Dong, Albert:Tanvibrantmonk"]
[Result "1-0"]
[ICCResult "Black checkmated"]
[WhiteElo "1677"]
[BlackElo "1503"]
[Opening "Sicilian: Smith-Morra gambit"]
[ECO "B21"]
[NIC "SI.48"]
[Time "14:01:23"]
[PlyCount "125"]
[TimeControl "1800+10"]

1. e4 c5 2. d4 cxd4 3. c3 d5 4. Qxd4 dxe4 5. Qxd8+ Kxd8 6. Bc4 Nf6 7. Bg5 e6
8. Nd2 Be7 9. Bxf6 Bxf6 10. Nxe4 Be7 11. Nf3 Nc6 12. O-O-O+ Bd7 13. Bb5 Kc7
14. Rd3 f5 15. Ng3 e5 16. Bxc6 Bxc6 17. Nxe5 Bg5+ 18. Kc2 Bxg2 19. Rd7+ Kc8
20. Rhd1 f4 21. Nf7 Re8 22. Nxg5 fxg3 23. fxg3 Re2+ 24. Kb3 Re8 25. Rxg7 a5
26. Rxh7 a4+ 27. Kb4 Ra6 28. Nf7 Rb6+ 29. Ka3 Re2 30. Nd6+ Kb8 31. Nc4 Rc6
32. Rd8+ Ka7 33. Nd6 Rb6 34. Nc8+ Ka6 35. Nxb6 Kxb6 36. Rd6+ Kc5 37. Rf6 b5
38. Rh5+ Kc4 39. Rd6 b4+ 40. Kxa4 Rxb2 41. Ka5 Rxa2+ 42. Kb6 bxc3 43. Rc5+
Kb3 44. Rd3 Rc2 45. h4 Be4 46. Re3 Ba8 47. h5 Rd2 48. Rexc3+ Kb2 49. g4 Rd6+
50. Kc7 Rd4 51. Rg3 Rf4 52. Re5 Rf7+ 53. Kd6 Rf6+ 54. Re6 Rf4 55. h6 Rd4+
56. Ke7 Bd5 57. Re2+ Kc1 58. Rg1+ Rd1 59. Rxd1+ Kxd1 60. Rh2 Bf3 61. h7 Bxg4
62. h8=Q Kc1 63. Qa1# {Black checkmated} 1-0

[Event "ICC tourney 3197 (30 10)"]
[Site "Internet Chess Club"]
[Date "2023.05.20"]
[Round "2"]
[White "Whiteside, Oren:NotOwen"]
[Black "HAO, RYAN:Ryan334"]
[Result "0-1"]
[ICCResult "White checkmated"]
[WhiteElo "1313"]
[BlackElo "1571"]
[Opening "Scotch game"]
[ECO "C45"]
[NIC "SO.05"]
[Time "14:00:25"]
[PlyCount "70"]
[TimeControl "1800+10"]

1. e4 e5 2. Nf3 Nc6 3. d4 exd4 4. Nxd4 Bc5 5. Be3 Qf6 6. c3 Nge7 7. Bc4 d6
8. O-O Bb6 9. a4 O-O 10. b4 a6 11. Bb3 Qg6 12. Nxc6 Nxc6 13. Bxb6 cxb6 14.
Bd5 Ne5 15. f4 Ng4 16. Qf3 Nf6 17. c4 Nxd5 18. cxd5 Bg4 19. Qe3 Rfe8 20. Nd2
Bd7 21. Nc4 Rxe4 22. Qb3 b5 23. Nb6 Rd8 24. Nxd7 Rxd7 25. Rac1 h6 26. Qc3
Ree7 27. axb5 axb5 28. Qc8+ Kh7 29. Ra1 Rc7 30. Qd8 Re2 31. Rf2 Rxf2 32.
Kxf2 Rc2+ 33. Ke3 Qxg2 34. Qd7 Qe2+ 35. Kd4 Rc4# {White checkmated} 0-1

[Event "ICC tourney 3197 (30 10)"]
[Site "Internet Chess Club"]
[Date "2023.05.20"]
[Round "2"]
[White "YU, VINCENT ZHIWEN:vincentyu"]
[Black "Reyes, Héctor Juárez:Juarezhector"]
[Result "1/2-1/2"]
[ICCResult "Game drawn because neither player has mating material"]
[WhiteElo "1570"]
[BlackElo "1637"]
[Opening "Petrov: French attack"]
[ECO "C42"]
[NIC "RG.03"]
[Time "14:00:35"]
[PlyCount "120"]
[TimeControl "1800+10"]

1. e4 e5 2. Nf3 Nf6 3. Nxe5 d6 4. Nf3 Nxe4 5. d3 Nf6 6. d4 d5 7. Bd3 Bb4+ 8.
c3 Bd6 9. O-O O-O 10. Nbd2 c5 11. dxc5 Bxc5 12. h3 Bb6 13. Re1 Nc6 14. Nf1
Qd6 15. Ng3 Qxg3 16. Be3 Bxe3 17. Rxe3 Qc7 18. Bc2 Be6 19. Ng5 Rae8 20. Rf3
Ne4 21. Nxe4 dxe4 22. Bxe4 Ne5 23. Rg3 Ng6 24. h4 Qf4 25. Bxb7 Qxh4 26. b3
Qe7 27. Ba6 Rd8 28. Qc2 Qd6 29. Bf1 Qd2 30. Qxd2 Rxd2 31. Rd3 Rxd3 32. Bxd3
Rd8 33. Bxg6 hxg6 34. Kf1 Kf8 35. Ke2 Ke7 36. Ke3 Bf5 37. Ke2 Rd6 38. Rd1 a5
39. f3 Be6 40. c4 a4 41. Rd3 axb3 42. axb3 Kd7 43. Kd2 Kc6 44. Rxd6+ Kxd6
45. Kc3 Kc5 46. b4+ Kc6 47. Kd4 Bc8 48. f4 Be6 49. g3 f6 50. Kd3 Bh3 51. Kd4
Bg2 52. g4 g5 53. fxg5 fxg5 54. Ke5 Bf1 55. c5 Kb5 56. Kf5 Kxb4 57. c6 Kc5
58. Kxg5 Kxc6 59. Kg6 Be2 60. Kxg7 Bxg4
{Game drawn because neither player has mating material}
1/2-1/2

[Event "ICC tourney 3197 (30 10)"]
[Site "Internet Chess Club"]
[Date "2023.05.20"]
[Round "2"]
[White "Hamlett, James Morrison:Hamlett144"]
[Black "HELMSEN, GAVIN:ghelmsen"]
[Result "0-1"]
[ICCResult "White forfeits on time"]
[WhiteElo "1414"]
[BlackElo "1618"]
[Opening "French: Chigorin variation"]
[ECO "C00"]
[NIC "FR.01"]
[Time "14:00:39"]
[PlyCount "98"]
[TimeControl "1800+10"]

1. e4 e6 2. Qe2 c5 3. c3 Nc6 4. Nf3 g6 5. d4 cxd4 6. cxd4 d5 7. e5 Qb6 8.
Be3 Bd7 9. Nc3 Bb4 10. g3 Nge7 11. Bg2 Nf5 12. O-O Qa5 13. g4 Nfe7 14. Rac1
h5 15. g5 h4 16. Bh3 Nf5 17. a3 Be7 18. b4 Qd8 19. Qd3 Nxe3 20. Qxe3 Rh5 21.
Bg4 Bxg5 22. Nxg5 Qxg5 23. Qh3 Rh7 24. f4 Qd8 25. Nb5 Qb6 26. Nd6+ Ke7 27.
f5 gxf5 28. Bxf5 exf5 29. Nxf5+ Bxf5 30. Qxf5 Qxd4+ 31. Rf2 Rg8+ 32. Kf1 Qe4
33. Qf6+ Ke8 34. Rxc6 Qd3+ 35. Re2 Qh3+ 36. Ke1 bxc6 37. Qxc6+ Qd7 38. Qa8+
Qd8 39. Qc6+ Kf8 40. Qc5+ Kg7 41. Qd4 Qe7 42. e6+ f6 43. Qxd5 Kh8 44. Qd4
Rd8 45. Qg1 Qd6 46. Qe3 Qe5 47. Qb3 Qg5 48. Kf1 Qf4+ 49. Ke1 Rg7
{White forfeits on time}
0-1

[Event "ICC tourney 3197 (30 10)"]
[Site "Internet Chess Club"]
[Date "2023.05.20"]
[Round "3"]
[White "Li, Marissa:meichen"]
[Black "MA, YUNHUI:niuniuma"]
[Result "0-1"]
[ICCResult "White resigns"]
[WhiteElo "904"]
[BlackElo "1243"]
[Opening "Giuoco Piano"]
[ECO "C54"]
[NIC "IG.02"]
[Time "16:00:58"]
[PlyCount "78"]
[TimeControl "1800+10"]

1. e4 e5 2. Nf3 Nc6 3. Bc4 Bc5 4. c3 Nf6 5. d4 exd4 6. cxd4 Bb4+ 7. Bd2
Bxd2+ 8. Nbxd2 O-O 9. O-O d6 10. Re1 Bg4 11. Nb3 d5 12. exd5 Nxd5 13. h3 Bh5
14. Re5 Nxe5 15. dxe5 c6 16. Nc5 Rb8 17. Qb3 Bxf3 18. Qxf3 Qe7 19. Nd3 Nb4
20. Nxb4 Qxb4 21. Bb3 Rbe8 22. Rd1 Rxe5 23. Rd7 Qe1+ 24. Kh2 Re7 25. Rxe7
Qxe7 26. Qf5 Rd8 27. Bc2 Qd6+ 28. g3 Qg6 29. Qxg6 hxg6 30. b3 Rd2 31. Bb1
Rxf2+ 32. Kg1 Rd2 33. Be4 Rxa2 34. Bg2 Rb2 35. Kf1 Rxb3 36. Ke2 Rb2+ 37. Kf3
a5 38. Kf4 a4 39. Kf3 a3 {White resigns} 0-1

[Event "ICC tourney 3197 (30 10)"]
[Site "Internet Chess Club"]
[Date "2023.05.20"]
[Round "3"]
[White "HAO, RYAN:Ryan334"]
[Black "Morgan, Lakshmi M:luckylol3"]
[Result "0-1"]
[ICCResult "White checkmated"]
[WhiteElo "1571"]
[BlackElo "1677"]
[Opening "Four knights: Rubinstein counter-gambit"]
[ECO "C48"]
[NIC "KP.03"]
[Time "16:00:13"]
[PlyCount "80"]
[TimeControl "1800+10"]

1. e4 e5 2. Nf3 Nc6 3. Nc3 Nf6 4. Bb5 Nd4 5. Bc4 d6 6. h3 Be7 7. d3 O-O 8.
Be3 c5 9. Nd5 a6 10. Nxf6+ Bxf6 11. Bd5 Qb6 12. Rb1 Be6 13. Bxe6 fxe6 14.
O-O Rf7 15. c3 Nxf3+ 16. Qxf3 Raf8 17. Qe2 Qc6 18. Rbc1 d5 19. f3 Qd6 20.
Qd2 Bh4 21. Rcd1 Bg3 22. c4 d4 23. Bf2 Bf4 24. Qc2 Qe7 25. a3 Rf6 26. b3 Rg6
27. Kh1 Qg5 28. Rg1 Qh5 29. b4 cxb4 30. axb4 Rff6 31. Qa4 Rh6 32. Rge1 g5
33. Qd7 g4 34. fxg4 Qxg4 35. Qe8+ Rf8 36. Qd7 Rxh3+ 37. gxh3 Qxh3+ 38. Kg1
Bh2+ 39. Kh1 Bg3+ 40. Kg1 Bxf2# {White checkmated} 0-1

[Event "ICC tourney 3197 (30 10)"]
[Site "Internet Chess Club"]
[Date "2023.05.20"]
[Round "3"]
[White "Dong, Albert:Tanvibrantmonk"]
[Black "YU, VINCENT ZHIWEN:vincentyu"]
[Result "0-1"]
[ICCResult "White resigns"]
[WhiteElo "1503"]
[BlackElo "1570"]
[Opening "Sicilian: Najdorf, 7...Qb6"]
[ECO "B97"]
[NIC "SI.08"]
[Time "16:00:18"]
[PlyCount "96"]
[TimeControl "1800+10"]

1. e4 c5 2. Nf3 d6 3. d4 cxd4 4. Nxd4 Nf6 5. Nc3 a6 6. Bg5 e6 7. f4 Qb6 8.
Nb3 Nbd7 9. Qf3 Be7 10. O-O-O Qc7 11. Bd3 b5 12. a3 Bb7 13. Kb1 O-O-O 14.
Rhe1 Kb8 15. Qg3 h6 16. e5 hxg5 17. exf6 Bxf6 18. Ne4 Bxe4 19. Bxe4 gxf4 20.
Qxf4 d5 21. Qxc7+ Kxc7 22. Bf3 Ne5 23. Re3 Nxf3 24. Rxf3 Rxh2 25. g4 Rg2 26.
Rf4 e5 27. Rf5 Rxg4 28. Nc5 Kb6 29. Nd3 Re4 30. Nb4 d4 31. c3 a5 32. Na2 d3
33. Rf2 Re2 34. Rxd3 Rxf2 35. Rxd8 Bxd8 36. b4 e4 37. Nc1 e3 38. bxa5+ Kxa5
39. Nd3 e2 40. Nxf2 e1=Q+ 41. Kc2 Qxf2+ 42. Kd3 Qf3+ 43. Kd4 Bf6+ 44. Kc5
Qxc3+ 45. Kd5 Qe5+ 46. Kc6 Be7 47. Kb7 Qd6 48. Kc8 Kb6 {White resigns} 0-1

[Event "ICC tourney 3197 (30 10)"]
[Site "Internet Chess Club"]
[Date "2023.05.20"]
[Round "3"]
[White "Bolme, Thomas Bradley:ThomasBradley75"]
[Black "GOODMAN, CONNOR ALAN:ConnorGo"]
[Result "0-1"]
[ICCResult "White checkmated"]
[WhiteElo "567"]
[BlackElo "1320"]
[Opening "Robatsch defense: two knights variation"]
[ECO "B06"]
[NIC "KF.06"]
[Time "16:01:22"]
[PlyCount "82"]
[TimeControl "1800+10"]

1. e4 g6 2. d4 d6 3. Nc3 Bg7 4. Nf3 Bg4 5. Be2 Bxf3 6. Bxf3 e5 7. d5 h6 8.
Qe2 Nf6 9. Be3 O-O 10. Qd2 g5 11. g3 c6 12. h4 g4 13. Bxh6 Bxh6 14. Qxh6
gxf3 15. Qg5+ Kh8 16. Qh6+ Nh7 17. dxc6 bxc6 18. g4 Rg8 19. Rg1 d5 20. O-O-O
d4 21. Na4 Qa5 22. b3 Nd7 23. g5 Rg6 24. Qh5 Nc5 25. Qxf3 Rf8 26. h5 Re6 27.
g6 fxg6 28. Qg4 Rf4 29. Qxe6 Nxe6 30. hxg6 Nhg5 31. Rh1+ Kg7 32. Rdg1 Rxf2
33. Rh5 Qd2+ 34. Kb2 Qxc2+ 35. Ka3 Qxa2+ 36. Kb4 c5+ 37. Kb5 Qxb3+ 38. Ka5
Qb4+ 39. Ka6 Qxa4+ 40. Kb7 Rb2+ 41. Kc8 Qc6# {White checkmated} 0-1

[Event "ICC tourney 3197 (30 10)"]
[Site "Internet Chess Club"]
[Date "2023.05.20"]
[Round "3"]
[White "KAYASTHA, AYAAN:sumitkayastha"]
[Black "Zhuge, Alexandra:MonkeyTree"]
[Result "1-0"]
[ICCResult "Black checkmated"]
[WhiteElo "1390"]
[BlackElo "929"]
[Opening "Giuoco Piano: Greco variation"]
[ECO "C54"]
[NIC "IG.02"]
[Time "16:00:05"]
[PlyCount "77"]
[TimeControl "1800+10"]

1. e4 e5 2. Nf3 Nc6 3. Bc4 Bc5 4. c3 Nf6 5. d4 exd4 6. cxd4 Bb4+ 7. Nc3 Nxe4
8. O-O Nxc3 9. bxc3 Bxc3 10. Qb3 Bxa1 11. Bxf7+ Kf8 12. Bg5 Ne7 13. Re1 d6
14. Rxe7 Qxe7 15. Bxe7+ Kxe7 16. Bg8 Kd7 17. Qf7+ Kd8 18. Qf8+ Kd7 19. Qxg7+
Kc6 20. Qxh8 a5 21. d5+ Kb6 22. Qxa1 Bd7 23. Qd4+ c5 24. dxc6+ Kc7 25. cxd7
Kxd7 26. Qg7+ Kc6 27. Nd4+ Kc5 28. Ne6+ Kb5 29. Qd7+ Ka6 30. Nc7+ Ka7 31.
Nxa8 Kxa8 32. Qxd6 Ka7 33. f4 Ka8 34. f5 Ka7 35. f6 Ka8 36. f7 Ka7 37. Kf2
h5 38. f8=Q h4 39. Qfb8# {Black checkmated} 1-0